 Dungeon Crawl Stone Soup version 0.29.1-2-gbd0b4ee654 (webtiles) character file.

Game seed: 9471245371943921601

132 zeram the Covered (level 5, 0/49 HPs)
             Began as a Gargoyle Fighter on Nov 10, 2022.
             Slain by a goblin
             ... wielding a +0 club
             ... led by Robin
              (6 damage)
             ... on level 3 of the Dungeon.
             The game lasted 00:04:02 (2269 turns).

zeram the Covered (Gargoyle Fighter)                Turns: 2269, Time: 00:04:02

Health: 0/49       AC: 15    Str: 21    XL:     5   Next: 15%
Magic:  5/5        EV:  5    Int:  9    God:
Gold:   188        SH:  4    Dex:  9    Spells: 4/4 levels left

rFire   . . .      SeeInvis .   a - +0 flail
rCold   . . .      Faith    .   c - +0 buckler
rNeg    + . .      Spirit   .   e - +0 plate armour
rPois   ∞          Reflect  .   (helmet restricted)
rElec   +          Harm     .   (no cloak)
rCorr   .          Rampage  .   (no gloves)
Will    .....                   (no boots)
Stlth   ..........              f - amulet of regeneration
HPRegen 0.96/turn               (no ring)
MPRegen 0.09/turn               (no ring)

@: mighty, berserking (expiring), very quick
A: sickness immunity, AC +4, negative energy resistance 1, electricity
resistance, torment resistance 1, petrification resistance, antennae 1, wild
magic 1
a: no special abilities


You were on level 3 of the Dungeon.
You visited 1 branch of the dungeon, and saw 3 of its levels.

You collected 188 gold pieces.

Inventory:

Hand Weapons
 a - a +0 flail (weapon)
Armour
 b - a +0 scale mail
 c - a +0 buckler (worn)
 e - a +0 plate armour (worn)
Jewellery
 f - an amulet of regeneration (around neck)
 j - an amulet of the acrobat
 m - a ring of fire
Potions
 d - 2 potions of might
 g - a potion of attraction
 k - a potion of brilliance
 l - a potion of resistance {unknown}


   Skills:
 + Level 3.8 Fighting
 + Level 3.6 Maces & Flails
 + Level 4.3 Armour
 + Level 0.1 Dodging
 + Level 3.7 Shields


You had 4 spell levels left.
You didn't know any spells.
Your spell library contained the following spells:

 Spells                   Type           Power      Damage    Failure   Level
 Magic Dart               Conj           0%         1d3       100%        1
 Call Imp                 Summ           0%         N/A       100%        2
 Mephitic Cloud           Conj/Pois/Air  0%         N/A       100%        3


Dungeon Overview and Level Annotations

Branches:
Dungeon (3/15)

Altars:

Shops:
D:2 [

Annotations:
D:3 Robin


Innate Abilities, Weirdness & Mutations

You are immune to sickness and miasma.
Your stone body is resilient. (AC +4)
You are immune to poison.
You resist negative energy. (rN+)
You are resistant to electric shocks. (rElec)
You are resistant to unholy torment.
You are immune to petrification.
You have a pair of small antennae on your head.
Your spells are a little harder to cast, but a little more powerful.


Message History

The frilled lizard bites you but does no damage.
The goblin hits you with a +0 dagger.
* * * LOW HITPOINT WARNING * * *
The goblin hits you but does no damage.
Unknown command.
You aren't carrying any scrolls.
Unknown command.
It was a potion of mutation.
You feel extremely strange. A pair of antennae grows on your head!
You feel less in control of your magic. You block the goblin's attack.
The frilled lizard bites you but does no damage.
The goblin hits you but does no damage. Robin hits you but does no damage.
The goblin hits you but does no damage. The goblin barely misses you.
It was a potion of berserk rage.
A red film seems to cover your vision as you go berserk!
You feel yourself moving faster!
You feel mighty! You block the goblin's attack.
The frilled lizard bites you but does no damage.
The goblin hits you but does no damage. x2; The goblin hits you with a +0 club.
* * * LOW HITPOINT WARNING * * *
You are too berserk!
You miss the goblin. The goblin hits you but does no damage.
The frilled lizard bites you.
* * * LOW HITPOINT WARNING * * *
The goblin completely misses you. The goblin hits you but does no damage.
You block the goblin's attack.
Unknown command.
You sock the goblin!
You kill the goblin!
The goblin barely misses you. The goblin hits you but does no damage.
You block the goblin's attack.
The frilled lizard bites you but does no damage.
Unknown command.
You swap places.
You see here a +3 dagger.
You closely miss the goblin. The goblin hits you but does no damage.
Robin roars a battlecry!
The goblin goes into a battle-frenzy!
The goblin hits you with a +0 club.
You die...

###..#.....#....# #..##..
#.............# #...[..
........#..#.# #...#).
.#...........###...)).
#.....b.....#.....)#.
#...........#.#....#.
#.....b.....#.#....#.
#.#####..b....#.#....#.
#.gggb@..#..#.#.#....#.
#..glgg.b#..#.#......#.
#....gg.g.....#.###..###.
..######...........>.....
. #.#.##.#..........
#.#.........#.###.
#.#.##........#
#.#.##..#...#^#
#..#.###.#


You could see Robin, a hobgoblin (strong), 7 goblins and a frilled lizard.

Vanquished Creatures
  Jessica (D:3)
  3 adders
  2 worms (D:2)
  2 dart slugs
  7 orcs
  2 endoplasms
  A giant cockroach (D:2)
  9 goblins
  4 hobgoblins
  6 jackals
  2 quokkas (D:2)
  8 ball pythons
  4 bats
  2 frilled lizards (D:2)
  3 kobolds
  3 rats
59 creatures vanquished.

Notes
Turn   | Place    | Note
-------+----------+-------------------------------------------
     0 | D:1      | zeram the Gargoyle Fighter began the quest for the Orb.
     0 | D:1      | Reached XP level 1. HP: 14/14 MP: 1/1
   172 | D:1      | Reached XP level 2. HP: 14/19 MP: 2/2
  1172 | D:2      | Found Utuyk's Armour Emporium.
  1186 | D:2      | Reached XP level 3. HP: 17/24 MP: 3/3
  1422 | D:2      | Reached skill level 4 in Armour
  1472 | D:2      | Found a faded altar of an unknown god.
  1838 | D:2      | Reached XP level 4. HP: 29/29 MP: 4/4
  2140 | D:3      | Noticed Jessica
  2144 | D:3      | Killed Jessica
  2196 | D:3      | Reached XP level 5. HP: 33/33 MP: 5/5
  2246 | D:3      | Noticed Robin
  2264 | D:3      | Gained mutation: You have a pair of small antennae on your
                  | head. [potion of mutation]
  2264 | D:3      | Gained mutation: Your spells are a little harder to cast,
                  | but a little more powerful. [potion of mutation]
  2269 | D:3      | Slain by a goblin

Illustrated notes

Levels and vault maps discovered:
D:1:      co_arrival_square_in_a_square_in_a_square, layout_basic, minivault_14
D:2:      layout_loops_cross, basic_ecumenical_altar, serial_shops,
          nicolae_diamond_shop, minmay_pentomino_x2
D:3:      layout_basic, nzn_wu_jian_council_hall, uniq_grinder, uniq_terence,
          uniq_robin, uniq_jessica

Skill      XL: |  1  2  3  4 |
---------------+-------------+-----
Armour         | 4 |  4.3
Maces & Flails | 3 |  3.6
Fighting       | |  3.8
Dodging        | |  0.1
Shields        | |  3.7

Action                   |  1- 3 |  4- 6 || total
-------------------------+-------+-------++-------
Melee: Flail             |   138 |    57 ||   195
  Use: Scroll            |     2 |     3 ||     5
       Potion            |       |     3 ||     3
Armor: Scale mail        |    55 |       ||    55
       Plate armour      |    69 |    81 ||   150
Dodge: Dodged            |    86 |    26 ||   112
Block: Buckler           |    33 |    25 ||    58
